 Dungeon Crawl Stone Soup version 0.32-a0-732-ga344392067 (webtiles) character file.

Game seed: 4938508639775832796

1793 Crabass the Chopper (level 8, -5/69 HPs)
             Began as a Mountain Dwarf Reaver on Mar 17, 2024.
             Was a Follower of Zin.
             Succumbed to a killer bee's poison
             ... on level 6 of the Dungeon.
             The game lasted 01:01:56 (6769 turns).

Crabass the Chopper (Mountain Dwarf Reaver)         Turns: 6769, Time: 01:01:57

Health: -5/69      AC: 16    Str: 16    XL:     8   Next: 82%
Magic:  3/13       EV:  9    Int: 15    God:    Zin [*.....]
Gold:   178        SH:  0    Dex:  8    Spells: 11/14 levels left

rFire   . . .        w - +2 scythe (protect)
rCold   . . .        (shield currently unavailable)
rNeg    . . .        k - +1 plate armour
rPois   .            f - +0 helmet
rElec   .            (no cloak)
rCorr   .            (no gloves)
SInv    .            u - +0 pair of boots
Will    .....        q - amulet of guardian spirit Stlth
                     d - +5 ring of evasion
HPRegen 0.31/turn    (no ring)
MPRegen 0.13/turn

%: guardian spirit
@: lethally poisoned (-5 -> -25)
A: runic magic, artefact enchanting
a: Renounce Religion, Recite, Donate Gold


You were on level 6 of the Dungeon.
You worshipped Zin.
Zin was aware of your devotion.
You visited 1 branch of the dungeon, and saw 7 of its levels.

You collected 247 gold pieces.
You spent 50 gold pieces at shops.
You donated 19 gold pieces to Zin.

Inventory:

Hand Weapons
 a - a +1 dagger of electrocution
 w - a +2 scythe of protection (weapon)
 C - a +1 hand axe of freezing
 F - a +1 dagger of draining
Missiles
 m - 19 stones
 o - 22 poisoned darts
Armour
 f - a +0 helmet (worn)
 k - a +1 plate armour (worn)
 u - a +0 pair of boots (worn)
 v - a +2 robe of willpower
Magical Staves
 c - a staff of death
Jewellery
 d - a +5 ring of evasion (left hand)
 j - a ring of protection from cold
 q - an amulet of guardian spirit (around neck)
Wands
 l - a wand of acid (13)
 E - a wand of iceblast (6)
Scrolls
 h - 3 scrolls of immolation
 t - a scroll of silence
 y - a scroll of vulnerability
 B - 2 scrolls of noise
 D - 2 scrolls of blinking
 G - a scroll of amnesia
Potions
 e - 2 potions of enlightenment
 i - 2 potions of brilliance
 p - a potion of resistance {unknown}
 r - 2 potions of attraction
 s - a potion of ambrosia {unknown}
 x - 2 potions of lignification
 z - 2 potions of magic
 H - a potion of mutation {unknown}
 I - a potion of degeneration {unknown}


   Skills:
 + Level 5.4 Fighting
 + Level 6.0(6.5) Axes
 - Level 3.0(4.4) Polearms
 * Level 5.9 Armour
 + Level 3.6 Dodging
 - Level 1.5 Stealth
 + Level 3.6 Spellcasting
 + Level 3.7 Conjurations


You had 11 spell levels left.
You knew the following spells:

 Your Spells              Type           Power      Damage    Failure   Level
a - Kiss of Death         Conj/Necr      32%        2d7       22%         1
b - Momentum Strike       Conj/Tloc      16%        3d8       34%         2

Your spell library contained the following spells:

 Spells                   Type           Power      Damage    Failure   Level
 Hailstorm                Conj/Ice       8%         3d5       56%         3
 Lesser Beckoning         Tloc           4%         N/A       58%         2
 Gell's Gravitas          Tloc           2%         N/A       83%         3
 Teleport Other           Tloc           2%         N/A       83%         3
 Tukima's Dance           Hex            2%         N/A       83%         3
 Iskenderun's Mystic Bla  Conj/Tloc      8%         2d4       92%         4
 Dimensional Bullseye     Hex/Tloc       1%         N/A       99%         4


Dungeon Overview and Level Annotations

Branches:
Dungeon (7/15)
 Temple: D:4-7

Altars:
Elyvilon
Gozag
Hepliaklqana
Qazlal
Wu Jian
Yredelemnul
Zin

Shops:
D:2 *


Innate Abilities, Weirdness & Mutations

Your spellcasting is much less encumbered by armour.
You can use scrolls of enchantment on lesser artefacts.


Message History

You are lethally poisoned!
The killer bee poisons you! The killer bee completely misses you.
The killer bee barely misses you.
You barely miss the killer bee.
The killer bee is moderately wounded.
* * * LOW HITPOINT WARNING * * *
You feel very sick. The killer bee stings you.
* * * LOW HITPOINT WARNING * * *
The killer bee stings you but does no damage.
The killer bee barely misses you. x2
You barely miss the killer bee.
The killer bee is moderately wounded.
* * * LOW HITPOINT WARNING * * *
You feel very sick. The killer bee closely misses you.
The killer bee misses you. The killer bee barely misses you.
The killer bee closely misses you.
The killer bee stings you but does no damage.
The killer bee stings you.
You hit the killer bee.
Your weapon exudes an aura of protection.
The killer bee is heavily wounded.
* * * LOW HITPOINT WARNING * * *
You feel sick.
The killer bee stings you but does no damage.
The killer bee barely misses you.
The killer bee stings you but does no damage. x2
You miss the killer bee.
The killer bee is heavily wounded.
* * * LOW HITPOINT WARNING * * *
You feel sick. The killer bee stings you.
You are more poisoned.
The killer bee poisons you! The killer bee closely misses you.
The killer bee stings you.
You are more poisoned.
The killer bee poisons you! The killer bee barely misses you.
The killer bee completely misses you. The killer bee barely misses you.
You miss the killer bee.
The killer bee is heavily wounded.
You die...

~~♣~~...#.................#...# #
≈≈~≈≈...#.#..########........<# #
.≈~≈....#.................#.### #
..........÷....######....##)# #
.....#..#......#### #..).##.#####
♣######.#.........###........)...
#####.>................##.#####
#............y.y####..###.#
###.............@.# #......#
..................# #...####
###...............# #...#
#.........[.##### #...#
#...........########...#
######......)).........#
################..#
#.....######## #.##..........


You could see 2 killer bees.

Vanquished Creatures
  Prince Ribbit (D:6)
  Sigmund (D:3)
  A water moccasin (D:6)
  2 black bears
  An ogre (D:6)
  A phantom (D:5)
  A kobold brigand (D:6)
  A bullfrog (D:6)
  3 scorpions
  A killer bee (D:6)
  4 hounds
  2 orc priests
  A jelly (D:6)
  A sleepcap (D:6)
  4 iguanas
  3 orc wizards
  6 gnolls
  6 adders
  A ribbon worm (D:4)
  2 dart slugs (D:1)
  26 orcs
  2 bats
  13 endoplasms
  4 giant cockroaches
  5 goblins
  9 hobgoblins
  10 kobolds
  3 quokkas
  6 ball pythons
  7 frilled lizards
  6 rats
134 creatures vanquished.

Notes
Turn   | Place    | Note
-------+----------+-------------------------------------------
     0 | D:1      | Crabass the Mountain Dwarf Reaver began the quest for the
                  | Orb.
     0 | D:1      | Reached XP level 1. HP: 17/17 MP: 3/3
   148 | D:1      | Reached XP level 2. HP: 25/25 MP: 4/4
   321 | D:1      | Learned a level 2 spell: Momentum Strike
   819 | D:1      | Reached XP level 3. HP: 30/30 MP: 6/6
  1254 | D:2      | Reached skill level 4 in Axes
  1324 | D:2      | Found Zuywoec's General Store.
  1446 | D:2      | Reached XP level 4. HP: 37/37 MP: 7/7
  1872 | D:2      | Bought a potion of heal wounds for 50 gold pieces
  2098 | D:3      | Noticed Sigmund
  2188 | D:3      | Killed Sigmund
  2189 | D:3      | Reached skill level 1 in Stealth
  2189 | D:3      | Reached XP level 5. HP: 15/45 MP: 2/9
  2647 | D:4      | Found an ornate altar of the Wu Jian Council.
  2675 | D:4      | Reached XP level 6. HP: 15/51 MP: 3/10
  2884 | D:4      | Reached skill level 1 in Armour
  3138 | D:4      | Reached skill level 5 in Axes
  3153 | D:4      | Found a glowing silver altar of Zin.
  3163 | D:4      | Became a worshipper of Zin the Law-Giver
  3724 | D:5      | Entered Level 5 of the Dungeon
  3730 | D:5      | Reached XP level 7. HP: 54/57 MP: 9/11
  3764 | D:5      | Reached * piety under Zin
  4336 | D:5      | Reached skill level 1 in Polearms
  4398 | D:5      | Found an opulent altar of Gozag.
  4398 | D:5      | Found a stormy altar of Qazlal.
  4749 | D:6      | Reached XP level 8. HP: 67/67 MP: 9/12
  5171 | D:6      | Reached skill level 5 in Armour
  5475 | D:6      | Reached skill level 5 in Fighting
  5554 | D:6      | Found a hazy altar of Hepliaklqana.
  5556 | D:6      | Noticed Prince Ribbit
  5593 | D:6      | Killed Prince Ribbit
  5605 | D:6      | Found a basalt altar of Yredelemnul.
  5892 | D:6      | Found a white marble altar of Elyvilon.
  5979 | D:6      | Reached skill level 6 in Axes
  6307 | D:6      | HP: 1/69 [orc priest/divine providence (10)]
  6767 | D:6      | HP: 3/69 [poisoned by a killer bee]
  6768 | D:6      | HP: 1/69 [poisoned by a killer bee]
  6769 | D:6      | Succumbed to a killer bee's poison

Illustrated notes

Levels and vault maps discovered:
D:1:      shiori_arrival_maze, layout_basic
D:2:      layout_loops_ring, serial_shops, shop, minmay_pentomino_z4
D:3:      layout_rooms, uniq_sigmund
D:4:      layout_loops_ring, mainiacjoe_overflow_alcove_1,
          mainiacjoe_overflow_six_doors_small, chequers_serial_rivers_small_3,
          minmay_crystal_room
D:5:      layout_basic, gammafunk_temple_overflow_elements
D:6:      layout_basic, elyvilon_altar_3, mainiacjoe_overflow_boulevard,
          old_standard_altar, uniq_prince_ribbit1
D:7:      layout_rooms, nicolae_overflow_hidden_temple, led_sif_book,
          kennysheep_mini_moat, kennysheep_little_box,
          minmay_temple_entry_crystal_x

Skill      XL: |  1  2  3  4  5  6  7  8 |
---------------+-------------------------+-----
Spellcasting   | 2 3 |  3.6
Conjurations   | 3 |  3.7
Axes           | 4 5 6 |  6.0
Fighting       | 3 4 5 |  5.4
Dodging        | 2 3 |  3.6
Stealth        | 1 |  1.5
Armour         | 2 4 5 |  5.9
Polearms       | 1 3 |  3.0

Action                     |  1- 3 |  4- 6 |  7- 9 || total
---------------------------+-------+-------+-------++-------
  Melee: Hand axe          |   138 |   168 |   224 ||   530
         Halberd           |       |    64 |    90 ||   154
   Cast: Momentum Strike   |     1 |     3 |     1 ||     5
         Kiss of Death     |       |     1 |       ||     1
    Use: Scroll            |     6 |     5 |     7 ||    18
         Potion            |       |     4 |     5 ||     9
 Armour: Leather armour    |    65 |       |       ||    65
         Ring mail         |     2 |     2 |       ||     4
         Plate armour      |       |   200 |   332 ||   532
  Dodge: Dodged            |   122 |   110 |   187 ||   419

Table legend: (Time is in decaauts)
 A = Elapsed time spent in this place.
 B = Non-inter-level travel time spent in this place.
 C = Inter-level travel time spent in this place.
 D = Time resting spent in this place.
 E = Time spent auto-exploring this place.
 F = Levels seen in this place.
 G = Mean time per level.
                   A        B        C        D        E       F      G
               +--------+--------+--------+--------+--------+-----+--------+
         Total |   6850 |   2901 |   3949 |    996 |     25 |   7 |  978.6 |
       Dungeon |   6850 |   2901 |   3949 |    996 |     25 |   7 |  978.6 |
               +--------+--------+--------+--------+--------+-----+--------+

Top non-repeatable levels by time:
     D:6: 2043 daAuts
     D:4: 1218 daAuts
     D:1: 1204 daAuts
     D:5: 1019 daAuts
     D:2: 715 daAuts
     D:3: 636 daAuts
     D:7: 11 daAuts
